[ AOE2 MATCH · #486171841 ]
UnrankedGurjaras vs Teutons
Player's team · WIN
Rival team · LOSS
[ REPLAY ANALYSIS · EXTRACTED FROM THE RECORDED GAME ]
Feudal
8:52
Castle
22:38
Imperial
—
| APM avg | 59.7 |
| APM peak | 106 |
| eAPM avg | 23.4 |
| Villagers / military | 68 / 44 |
Focus
⚔️ 46.6% · 🌾 53.4%
Archer ×37 · Mangonel ×5 · Spearman ×1 · Armored Elephant ×1
Feudal
8:26
Castle
24:18
Imperial
—
| APM avg | 40.3 |
| APM peak | 94 |
| eAPM avg | 16.7 |
| Villagers / military | 66 / 6 |
Focus
⚔️ 32.1% · 🌾 67.9%
Mangonel ×6
Match map
Initial resources + every placement click. Lines = walls · curves = elevation contours. ◆ gold · ⬟ stone · ● berries · ✦ relic · ◌ wall gap
Your base· Open — unwalled flank
GKT_Cloud's base· Open — 4t gap
Smoothed initial terrain · ◌ = detected wall gap · hover for details
Inputs per minute
— Champi Warrior - - GKT_Cloud
Build order — Champi Warrior
First 150 of 196 actions detected
| 0:01 | Create | Villager (Male) |
| 0:01 | Create | Villager (Male) |
| 0:01 | Create | Villager (Male) |
| 0:01 | Create | Villager (Male) |
| 0:02 | Create | Villager (Male) |
| 0:03 | Build | House |
| 0:04 | Build | House |
| 1:09 | Build | Mill |
| 1:33 | Create | Villager (Male) |
| 1:33 | Create | Villager (Male) |
| 1:33 | Create | Villager (Male) |
| 1:59 | Create | Villager (Male) |
| 2:22 | Create | Villager (Male) |
| 2:22 | Create | Villager (Male) |
| 2:49 | Create | Villager (Male) |
| 2:49 | Create | Villager (Male) |
| 2:49 | Create | Villager (Male) |
| 3:03 | Create | Villager (Male) |
| 3:03 | Create | Villager (Male) |
| 3:31 | Create | Villager (Male) |
| 3:31 | Create | Villager (Male) |
| 3:44 | Build | House |
| 4:00 | Create | Villager (Male) |
| 4:28 | Create | Villager (Male) |
| 4:48 | Build | Lumber Camp |
| 4:56 | Create | Villager (Male) |
| 4:57 | Create | Villager (Male) |
| 5:27 | Create | Villager (Male) |
| 5:27 | Create | Villager (Male) |
| 5:38 | Create | Villager (Male) |
| 5:56 | Create | Villager (Male) |
| 6:10 | Research | Loom |
| 6:38 | Research | Feudal Age |
| 6:38 | Research | Feudal Age |
| 6:52 | Build | House |
| 7:43 | Build | Barracks |
| 8:37 | Build | Mining Camp |
| 8:43 | Create | Villager (Male) |
| 8:52 | Age | Feudal Age |
| 8:55 | Build | Archery Range |
| 8:56 | Create | Villager (Male) |
| 9:03 | Build | House |
| 9:13 | Create | Villager (Male) |
| 9:32 | Create | Villager (Male) |
| 9:34 | Research | Double-Bit Axe |
| 9:40 | Create | Spearman |
| 9:42 | Build | House |
| 9:47 | Create | Archer |
| 9:47 | Create | Archer |
| 9:54 | Create | Villager (Male) |
| 10:00 | Create | Villager (Male) |
| 10:12 | Create | Archer |
| 10:13 | Create | Archer |
| 10:17 | Create | Villager (Male) |
| 10:39 | Create | Villager (Male) |
| 10:50 | Create | Archer |
| 10:51 | Create | Archer |
| 10:53 | Build | House |
| 10:58 | Build | Archery Range |
| 11:04 | Create | Villager (Male) |
| 11:17 | Build | Palisade Wall |
| 11:19 | Create | Archer |
| 11:19 | Create | Archer |
| 11:20 | Create | Villager (Male) |
| 11:30 | Build | Mill |
| 11:44 | Create | Archer |
| 11:45 | Create | Archer |
| 11:46 | Create | Villager (Male) |
| 12:07 | Build | Farm |
| 12:10 | Create | Archer |
| 12:10 | Create | Archer |
| 12:16 | Build | House |
| 12:21 | Create | Villager (Male) |
| 12:22 | Create | Archer |
| 12:32 | Build | Farm |
| 12:44 | Create | Villager (Male) |
| 12:47 | Create | Archer |
| 12:49 | Build | House |
| 12:56 | Create | Villager (Male) |
| 13:15 | Build | Farm |
| 13:31 | Build | Farm |
| 13:50 | Create | Villager (Male) |
| 13:52 | Build | House |
| 13:58 | Build | House |
| 14:00 | Create | Archer |
| 14:01 | Create | Villager (Male) |
| 14:14 | Build | Farm |
| 14:23 | Build | Palisade Wall |
| 14:25 | Build | Palisade Wall |
| 14:30 | Create | Archer |
| 14:47 | Create | Villager (Male) |
| 14:49 | Build | Blacksmith |
| 15:05 | Create | Villager (Male) |
| 15:08 | Build | Farm |
| 15:29 | Build | House |
| 15:30 | Build | House |
| 15:33 | Research | Fletching |
| 15:49 | Build | Palisade Gate |
| 15:51 | Build | Palisade Wall |
| 16:07 | Build | Farm |
| 16:18 | Create | Villager (Male) |
| 17:00 | Create | Villager (Male) |
| 17:01 | Create | Archer |
| 17:11 | Build | Market |
| 17:13 | Create | Archer |
| 17:23 | Build | Farm |
| 17:24 | Build | Farm |
| 17:29 | Build | House |
| 17:32 | Create | Archer |
| 17:39 | Create | Villager (Male) |
| 17:49 | Create | Archer |
| 17:59 | Create | Villager (Male) |
| 18:02 | Build | Mining Camp |
| 18:23 | Build | House |
| 18:24 | Create | Villager (Male) |
| 18:25 | Create | Archer |
| 18:27 | Build | Farm |
| 18:28 | Build | Farm |
| 18:34 | Create | Archer |
| 18:46 | Build | Watch Tower |
| 18:54 | Create | Archer |
| 19:08 | Create | Villager (Male) |
| 19:10 | Build | Archery Range |
| 19:28 | Build | Mining Camp |
| 19:31 | Create | Villager (Male) |
| 19:39 | Build | House |
| 19:55 | Research | Castle Age |
| 19:56 | Research | Castle Age |
| 19:56 | Research | Castle Age |
| 19:57 | Create | Archer |
| 19:57 | Create | Archer |
| 19:57 | Create | Archer |
| 19:57 | Create | Archer |
| 20:12 | Build | Farm |
| 20:13 | Build | Farm |
| 20:23 | Create | Archer |
| 20:23 | Create | Archer |
| 20:30 | Build | Lumber Camp |
| 20:37 | Create | Archer |
| 20:37 | Create | Archer |
| 20:56 | Create | Archer |
| 20:57 | Research | Gold Mining |
| 20:57 | Research | Gold Mining |
| 20:59 | Build | Farm |
| 21:26 | Create | Archer |
| 21:47 | Build | House |
| 22:01 | Build | Farm |
| 22:05 | Build | Farm |
| 22:27 | Build | House |
| 22:28 | Build | Farm |
Build order — GKT_Cloud
142 actions detected in the replay
| 0:00 | Create | Villager (Male) |
| 0:01 | Create | Villager (Male) |
| 0:01 | Create | Villager (Male) |
| 0:02 | Build | House |
| 0:03 | Build | House |
| 0:13 | Create | Villager (Male) |
| 1:29 | Create | Villager (Male) |
| 2:04 | Create | Villager (Male) |
| 2:26 | Create | Villager (Male) |
| 2:56 | Create | Villager (Male) |
| 2:56 | Create | Villager (Male) ×2 |
| 3:10 | Build | Lumber Camp |
| 3:37 | Create | Villager (Male) |
| 3:43 | Create | Villager (Male) |
| 3:49 | Build | House |
| 3:51 | Create | Villager (Male) |
| 4:30 | Create | Villager (Male) |
| 4:50 | Create | Villager (Male) |
| 5:23 | Research | Loom |
| 5:39 | Build | Mill |
| 6:16 | Research | Feudal Age |
| 6:43 | Build | House |
| 7:34 | Create | Villager (Male) |
| 8:09 | Build | Mining Camp |
| 8:14 | Build | House |
| 8:26 | Age | Feudal Age |
| 8:30 | Build | Watch Tower |
| 8:35 | Research | Double-Bit Axe |
| 8:35 | Research | Double-Bit Axe |
| 8:46 | Create | Villager (Male) |
| 9:21 | Create | Villager (Male) |
| 9:22 | Create | Villager (Male) |
| 9:38 | Create | Villager (Male) |
| 9:39 | Create | Villager (Male) |
| 9:57 | Create | Villager (Male) |
| 9:57 | Create | Villager (Male) |
| 10:05 | Build | Watch Tower |
| 10:20 | Build | Farm |
| 10:23 | Build | Farm |
| 10:59 | Build | House |
| 11:02 | Build | Palisade Wall |
| 11:09 | Create | Villager (Male) |
| 11:10 | Create | Villager (Male) |
| 11:17 | Build | House |
| 11:19 | Build | Palisade Wall |
| 11:21 | Build | Palisade Wall |
| 11:51 | Create | Villager (Male) |
| 11:51 | Create | Villager (Male) |
| 11:55 | Build | Watch Tower |
| 12:01 | Build | Palisade Wall |
| 12:07 | Build | House |
| 12:42 | Build | House |
| 12:48 | Create | Villager (Male) |
| 12:48 | Create | Villager (Male) |
| 13:07 | Build | House |
| 13:17 | Build | Palisade Wall |
| 13:23 | Build | Palisade Wall |
| 13:25 | Build | Blacksmith |
| 13:35 | Create | Villager (Male) |
| 13:35 | Create | Villager (Male) |
| 13:46 | Build | Palisade Wall |
| 14:01 | Build | House |
| 14:18 | Create | Villager (Male) |
| 14:18 | Create | Villager (Male) |
| 14:24 | Build | Watch Tower |
| 14:30 | Build | Farm |
| 14:30 | Build | Farm |
| 14:40 | Build | House |
| 14:42 | Build | Palisade Wall |
| 14:43 | Build | Palisade Wall |
| 14:50 | Build | House |
| 14:55 | Build | House |
| 15:02 | Create | Villager (Male) |
| 15:08 | Build | House |
| 15:23 | Build | Stone Wall |
| 15:24 | Create | Villager (Male) |
| 15:27 | Build | Farm |
| 15:35 | Build | House |
| 15:40 | Build | Stone Wall |
| 15:58 | Create | Villager (Male) |
| 16:06 | Build | Farm |
| 16:17 | Create | Villager (Male) |
| 16:19 | Build | Watch Tower |
| 16:28 | Build | Farm |
| 16:48 | Create | Villager (Male) |
| 17:04 | Create | Villager (Male) |
| 17:08 | Build | Farm |
| 17:14 | Create | Villager (Male) |
| 17:34 | Build | Farm |
| 17:35 | Build | Farm |
| 17:37 | Create | Villager (Male) |
| 17:54 | Create | Villager (Male) |
| 17:55 | Create | Villager (Male) |
| 17:56 | Build | Mining Camp |
| 18:30 | Build | Watch Tower |
| 18:34 | Research | Fletching |
| 18:34 | Create | Villager (Male) ×2 |
| 18:41 | Build | Watch Tower |
| 18:47 | Create | Villager (Male) |
| 19:10 | Create | Villager (Male) |
| 19:22 | Build | Market |
| 19:26 | Create | Villager (Male) |
| 19:27 | Create | Villager (Male) |
| 19:40 | Build | Farm |
| 19:41 | Build | Farm |
| 19:43 | Create | Villager (Male) |
| 19:58 | Create | Villager (Male) |
| 20:09 | Build | House |
| 21:38 | Research | Castle Age |
| 22:24 | Build | House |
| 22:38 | Research | Gold Mining |
| 23:34 | Build | House |
| 23:36 | Build | House |
| 23:39 | Build | Stone Wall |
| 23:43 | Build | Stone Wall |
| 23:44 | Build | Farm |
| 23:45 | Build | Farm |
| 24:11 | Build | House |
| 24:14 | Build | House |
| 24:18 | Age | Castle Age |
| 24:19 | Build | Stone Wall |
| 24:21 | Build | Siege Workshop |
| 24:21 | Create | Villager (Male) ×5 |
| 24:24 | Research | Bow Saw |
| 24:54 | Create | Mangonel |
| 25:11 | Create | Villager (Male) |
| 25:13 | Build | Siege Workshop |
| 25:27 | Create | Villager (Male) |
| 25:29 | Build | Lumber Camp |
| 25:56 | Research | Town Watch |
| 25:59 | Create | Mangonel |
| 26:14 | Create | Villager (Male) |
| 26:29 | Create | Mangonel |
| 26:29 | Create | Mangonel |
| 26:34 | Create | Villager (Male) |
| 26:48 | Build | Lumber Camp |
| 26:59 | Create | Villager (Male) |
| 27:57 | Create | Mangonel |
| 27:58 | Create | Mangonel |
| 27:59 | Create | Villager (Male) ×5 |
| 28:35 | Build | Farm |
| 28:35 | Build | Farm |
Match timeline
| 7:43 | Champi Warrior · first_building Barracks |
| 8:26 | GKT_Cloud · age_up feudal |
| 8:52 | Champi Warrior · age_up feudal |
| 8:55 | Champi Warrior · first_building Archery Range |
| 11:02 | GKT_Cloud · wall_segment Palisade Wall x13 |
| 11:17 | Champi Warrior · wall_segment Palisade Wall x3 |
| 11:19 | GKT_Cloud · wall_segment Palisade Wall x1 |
| 11:21 | GKT_Cloud · wall_segment Palisade Wall x7 |
| 12:01 | GKT_Cloud · wall_segment Palisade Wall x9 |
| 13:17 | GKT_Cloud · wall_segment Palisade Wall x1 |
| 13:23 | GKT_Cloud · wall_segment Palisade Wall x1 |
| 13:46 | GKT_Cloud · wall_segment Palisade Wall x6 |
| 14:23 | Champi Warrior · wall_segment Palisade Wall x1 |
| 14:25 | Champi Warrior · wall_segment Palisade Wall x1 |
| 14:42 | GKT_Cloud · wall_segment Palisade Wall x1 |
| 14:43 | GKT_Cloud · wall_segment Palisade Wall x1 |
| 15:23 | GKT_Cloud · wall_segment Stone Wall x1 |
| 15:40 | GKT_Cloud · wall_segment Stone Wall x1 |
| 15:51 | Champi Warrior · wall_segment Palisade Wall x1 |
| 19:40 | Champi Warrior · first_market_buy 100 food |
| 20:42 | GKT_Cloud · first_market_sell 500 stone |
| 20:44 | GKT_Cloud · first_market_buy 500 food |
| 22:38 | Champi Warrior · age_up castle |
| 22:43 | Champi Warrior · first_building Siege Workshop |
| 23:39 | GKT_Cloud · wall_segment Stone Wall x1 |
| 23:43 | GKT_Cloud · wall_segment Stone Wall x1 |
| 24:18 | GKT_Cloud · age_up castle |
| 24:19 | GKT_Cloud · wall_segment Stone Wall x1 |
| 24:21 | GKT_Cloud · first_building Siege Workshop |
| 28:49 | GKT_Cloud · resign |
[ AI ANALYSIS · 1 CREDIT ]
What really happened in this match?
Wolo.gg analyzes every decision: build order, eco, micro, common mistakes by bracket. Personalized analysis on WhatsApp or Discord in 30 seconds.
Civ guide
Gurjaras
Perfil
Jugador #4358030